 Dungeon Crawl Stone Soup version 0.28-a0-664-gc179e30c89 (webtiles) character file.

Game seed: 4859112540966920898

1037 bande the Chopper (level 8, -11/49 HPs)
             Began as a Gargoyle Fighter on Oct 16, 2021.
             Mangled by an ogre (19 damage)
             ... on level 5 of the Dungeon.
             The game lasted 00:06:42 (5496 turns).

bande the Chopper (Gargoyle Fighter)                Turns: 5496, Time: 00:06:43

Health: -11/49     AC: 16    Str: 21    XL:     8   Next: 24%
Magic:  8/8        EV:  8    Int:  9    God:
Gold:   197        SH:  5    Dex: 10    Spells: 7/7 levels left

rFire   . . .      SeeInvis .   a - +0 war axe (flame)
rCold   . . .      Faith    .   c - +1 buckler
rNeg    + . .      Spirit   .   i - +0 chain mail
rPois   ∞          Reflect  .   (no helmet)
rElec   +          Harm     .   o - +0 cloak
rCorr   .          Rampage  .   (no gloves)
Will    .....                   (no boots)
Stlth   ..........              (no amulet)
HPRegen 0.16/turn               (no ring)
MPRegen 0.11/turn               (no ring)

@: no status effects
A: sickness immunity, AC +5, negative energy resistance 1, electricity
resistance, torment resistance 1, petrification resistance
a: no special abilities


You were on level 5 of the Dungeon.
You visited 1 branch of the dungeon, and saw 5 of its levels.

You collected 197 gold pieces.

Inventory:

Hand Weapons
 a - a +0 war axe of flaming (weapon)
 b - a +0 war axe
Armour
 c - a +1 buckler (worn)
 i - a +0 chain mail (worn)
 o - a +0 cloak (worn)
Wands
 n - a wand of flame (6)
Scrolls
 f - a scroll of blinking
 k - a scroll of identify
Potions
 e - a potion of cancellation {unknown}
 g - 2 potions of flight {unknown}
 h - 2 potions of invisibility
 j - a potion of resistance {unknown}
 m - 2 potions of lignification {unknown}


   Skills:
 + Level 5.1 Fighting
 + Level 6.0 Axes
 + Level 5.6 Armour
 + Level 4.3 Shields
 * Level 2.4 Evocations


You had 7 spell levels left.
You didn't know any spells.
Your spell library contained the following spells:

 Spells                   Type           Power      Damage    Failure   Level
 Ensorcelled Hibernation  Hex/Ice        0%         N/A       99%         2
 Tukima's Dance           Hex            0%         N/A       100%        3
 Fulminant Prism          Conj/Hex       0%         3d6       100%        4
 Iskenderun's Mystic Bla  Conj/Tloc      0%         2d3       100%        4
 Passage of Golubria      Tloc           N/A        N/A       100%        4
 Lee's Rapid Deconstruct  Erth           0%         3d5*      100%        5
 Yara's Violent Unravell  Hex/Tmut       0%         3d3       100%        5


Dungeon Overview and Level Annotations

Branches:
Dungeon (5/15)
 Temple: D:4-7

Altars:
Trog
The Shining One

Annotations:
D:3 2 transporters, noodleboyJ's ghost, amateur DrWn


Innate Abilities, Weirdness & Mutations

You are immune to sickness and miasma.
Your stone body is resilient. (AC +5)
You are immune to poison.
You resist negative energy. (rN+)
You are resistant to electric shocks. (rElec)
You are resistant to unholy torment.
You are immune to petrification.


Message History

The bullfrog skeleton hits you but does no damage. x2
You completely miss the bullfrog skeleton.
The bullfrog skeleton is severely damaged.
The bullfrog skeleton hits you but does no damage.
You slash the bullfrog skeleton! You burn the bullfrog skeleton.
You destroy the bullfrog skeleton!
Your Axes skill increases to level 6!
The ogre hits you but does no damage.
You hit the ogre but do no damage.
You hear the quick rusting of a very distant drain.
An ogre comes into view. It is wielding a +0 giant club.
The ogre hits you but does no damage.
You barely miss the ogre. You block the ogre's attack.
You barely miss the ogre.
The ogre hits you with a +0 giant club!!
Your chain mail prevents you from hitting the ogre.
You block the ogre's attack.
You barely miss the ogre.
The ogre hits you with a +0 giant club!!
* * * LOW HITPOINT WARNING * * *
You are too injured to fight recklessly!
You are too injured to fight recklessly!
Unknown command.
It was a potion of heal wounds.
You feel much better. The ogre hits you with a +0 giant club!
You block the ogre's attack.
You hit the ogre. You burn the ogre.
The ogre is moderately wounded.
You hit the ogre. You burn the ogre. The ogre barely misses you.
Unknown command.
You hit the ogre but do no damage.
The ogre is moderately wounded.
You barely miss the ogre. The ogre hits you with a +0 giant club!
* * * LOW HITPOINT WARNING * * *
The ogre hits you but does no damage.
Unknown command.
You barely miss the ogre.
The ogre is moderately wounded.
You hit the ogre. You burn the ogre.
The ogre hits you with a +0 giant club!!
You die...

.....###.##..................##..
..............##.............##..
...........<................###..
..........##..^.............###.#
##........##................#...#
#........#............##........
....#..#.........................
....##......##.O....##.#.......##
.... ##....[...O@..###.#.#...###
.#..#.##...######...# .. ......#
##.## #..........# ###
.............# .....)........# #
#...##..#..## ##.. #..#...


You could see 2 ogres.

Vanquished Creatures
  Sigmund (D:4)
  A water moccasin (D:5)
  A sky beast (D:3)
  A centaur (D:5)
  A kobold brigand (D:5)
  A scorpion (D:4)
  A howler monkey (D:5)
  2 centaur zombies (D:5)
  A jelly (D:4)
  3 bullfrog skeletons
  3 iguanas
  Crazy Yiuf (D:4)
  A mummy (D:4)
  3 gnolls (D:5)
  2 adders
  4 worms
  3 dart slugs
  9 orcs
  2 ball pythons
  3 bats
  7 endoplasms
  2 giant cockroaches
  4 goblins
  6 hobgoblins
  4 jackals (D:1)
  2 quokkas (D:2)
  4 frilled lizards
  A hobgoblin zombie (D:4)
  13 kobolds
  A kobold zombie (D:4)
  2 orc zombies (D:4)
  6 rats
  A spectral kobold (D:1)
97 creatures vanquished.

Notes
Turn   | Place    | Note
-------+----------+-------------------------------------------
     0 | D:1      | bande the Gargoyle Fighter began the quest for the Orb.
     0 | D:1      | Reached XP level 1. HP: 14/14 MP: 1/1
   208 | D:1      | Reached XP level 2. HP: 11/19 MP: 2/2
   382 | D:1      | Reached skill level 2 in Axes
   884 | D:1      | Found a faded altar of an unknown god.
  1029 | D:2      | Reached XP level 3. HP: 23/23 MP: 3/3
  2435 | D:3      | Found a transporter.
  2440 | D:3      | Noticed an ogre
  2561 | D:3      | Found a transporter.
  2566 | D:3      | Noticed noodleboyJ's ghost (amateur DrWn)
  2613 | D:3      | Reached XP level 4. HP: 29/29 MP: 4/4
  2683 | D:3      | Noticed a sky beast
  2707 | D:3      | Killed a sky beast
  2708 | D:3      | Reached skill level 3 in Axes
  2708 | D:3      | Reached XP level 5. HP: 15/33 MP: 5/5
  2961 | D:3      | Noticed a moth of wrath
  2964 | D:3      | Found a bloodstained altar of Trog.
  3909 | D:4      | Reached XP level 6. HP: 33/39 MP: 6/6
  3989 | D:4      | Found a runed translucent door.
  3990 | D:4      | Noticed Crazy Yiuf
  4022 | D:4      | Reached skill level 4 in Axes
  4319 | D:4      | Found a glowing golden altar of the Shining One.
  4539 | D:4      | Noticed Sigmund
  4561 | D:4      | Killed Sigmund
  4562 | D:4      | Reached skill level 5 in Armour
  4562 | D:4      | Reached skill level 1 in Evocations
  4562 | D:4      | Reached XP level 7. HP: 42/44 MP: 7/7
  4817 | D:4      | Killed Crazy Yiuf
  4818 | D:4      | Reached skill level 5 in Axes
  4938 | D:5      | Entered Level 5 of the Dungeon
  4964 | D:5      | Reached skill level 5 in Fighting
  5243 | D:5      | Reached XP level 8. HP: 29/49 MP: 8/8
  5486 | D:5      | Reached skill level 6 in Axes
  5496 | D:5      | Mangled by an ogre

Illustrated notes

Levels and vault maps discovered:
D:1:      nicolae_arrival_somewhat_less_tricky_arrival, layout_rooms,
          dreamdust_ecumenical_altar_drowned_temple, nrook_mini_backslash
D:2:      layout_basic
D:3:      layout_basic, tgw_trog, gammafunk_ghost_arena
D:4:      layout_basic, overflow_temple_1_default, minmay_mini_ossuary,
          uniq_crazy_yiuf_cottage, uniq_sigmund
D:5:      layout_cave_pools, minmay_temple_entry_glassed_door,
          gammafunk_ghost_hive, portal_sewer_entry_a

Skill      XL: |  1  2  3  4  5  6  7  8 |
---------------+-------------------------+-----
Axes           | 2 3 4 5 6 |  6.0
Fighting       | 4 5 |  5.1
Armour         | 4 5 |  5.6
Shields        | 4 |  4.3
Evocations     | 1 2 |  2.4

Action                   |  1- 3 |  4- 6 |  7- 9 || total
-------------------------+-------+-------+-------++-------
Melee: War axe           |   131 |   117 |    49 ||   297
  Use: Scroll            |     4 |     4 |     1 ||     9
       Potion            |       |       |     3 ||     3
Armor: Scale mail        |    38 |       |       ||    38
       Chain mail        |    49 |    66 |    45 ||   160
Dodge: Dodged            |    40 |    26 |    30 ||    96
Block: Buckler           |    24 |    18 |    28 ||    70

Table legend: (Time is in decaauts)
 A = Elapsed time spent in this place.
 B = Non-inter-level travel time spent in this place.
 C = Inter-level travel time spent in this place.
 D = Time resting spent in this place.
 E = Time spent auto-exploring this place.
 F = Levels seen in this place.
 G = Mean time per level.
                   A        B        C        D        E       F      G
               +--------+--------+--------+--------+--------+-----+--------+
         Total |   5607 |   5440 |    167 |    876 |   3705 |   5 | 1121.4 |
       Dungeon |   5607 |   5440 |    167 |    876 |   3705 |   5 | 1121.4 |
               +--------+--------+--------+--------+--------+-----+--------+

Top non-repeatable levels by time:
     D:3: 1446 daAuts
     D:2: 1352 daAuts
     D:4: 1190 daAuts
     D:1: 1051 daAuts
     D:5: 568 daAuts
